AoeStats
← IdliDosa

Nomad

507531612Analyzed
2v2 RM · 14d ago on Sep 18, 2026· 51m 22s· 4 players
Game mode
Random Map
Map size
176×176
Population
200
Speed
Normal
Resources
Standard
Victory
Conquest
Starting age
Dark Age
Ending age
Imperial Age
RankedLock teamsTeams togetherTeam positionsShared explorationLock speedFull tech treeHidden civsTurbo modeCheats
Victory
Defeat
🇮🇳 Koreans · India
1183
+16
🇲🇽 Mongols · Mexico
1181
+16
🇲🇽 Hindustanis · Mexico
1185
-16
🇲🇽 Chinese · Mexico
1184
-16
IdliDosa
3:32 Loom
13:46 Feudal Age
14:15 Double-Bit Axe
19:37 Castle Age
19:44 Fletching
20:36 Bodkin Arrow
22:15 Gold Mining
33:36 Horse Collar
37:21 Wheelbarrow
38:19 Ballistics
39:10 Heavy Plow
42:38 Bow Saw
46:17 Imperial Age
48:10 Chemistry
49:01 Bracer
49:25 Conscription
50:34 Eupseong
51:30 Hand Cart
david.indie108
7:33 Loom
13:11 Feudal Age
14:27 Double-Bit Axe
14:30 Fishing Lines
19:26 Castle Age
17:24 Gold Mining
19:42 Horse Collar
20:22 Bow Saw
20:57 Gold Shaft Mining
20:56 Bloodlines
20:46 Husbandry
20:58 Gillnets
21:55 Scale Barding Armor
22:00 Forging
22:17 Light Cavalry
23:39 Careening
23:40 Clinker Construction
25:36 Iron Casting
25:59 Chain Barding Armor
27:03 Wheelbarrow
29:09 Hand Cart
29:52 Hand Cart
30:46 Fletching
30:56 Padded Archer Armor
31:07 Squires
30:52 Arson
31:03 Pikeman
33:06 Scale Mail Armor
34:13 Stone Mining
34:37 Town Watch
36:17 Masonry
37:45 Stone Shaft Mining
41:21 Bodkin Arrow
41:42 Leather Archer Armor
46:45 Chain Mail Armor
49:33 Imperial Age
53:01 Imperial Age
Mankito77
3:48 Loom
14:11 Feudal Age
19:30 Double-Bit Axe
23:38 Castle Age
23:38 Wheelbarrow
22:49 Town Watch
22:57 Fletching
23:17 Gold Mining
23:45 Crossbowman
25:22 Bodkin Arrow
28:19 Bloodlines
34:24 Scale Mail Armor
37:11 Forging
39:51 Scale Barding Armor
44:21 Hand Cart
50:17 Chain Mail Armor
50:37 Iron Casting
Marldox
2:52 Loom
12:32 Feudal Age
16:15 Town Watch
19:39 Castle Age
19:25 Gold Mining
20:16 Fletching
20:09 Crossbowman
21:46 Double-Bit Axe
25:50 Bodkin Arrow
28:35 Padded Archer Armor
31:19 Bow Saw
35:55 Ballistics
42:05 Scale Barding Armor
47:14 Imperial Age
47:21 Thumb Ring
47:55 Leather Archer Armor
50:01 Bracer
Connection lost

Rejoining the realm…

Still unreachable

The connection could not be restored.

Session expired

The server has moved on; the page needs a fresh start.